[Event "Titled Tuesday Blitz January 17 Early 2023"]
[White "Szyszylo, Rafal"]
[Black "De Souza, Cristiano Gomes"]
[WhiteFideId "1109626"]
[BlackFideId "2151758"]
[WhiteElo "2091"]
[BlackElo "2018"]
[Result "1-0"]
[Round "07"]
[TimeControl "180+2"]
[Date "2023.01.17"]
[WhiteClock "0:00:19"]
[BlackClock "0:00:50"]

1. e4 c5 2. Nf3 d6 3. d4 cxd4 4. Nxd4 Nf6 5. Nc3 g6 6. f3 Bg7 7. Be3 O-O 8. Qd2 Nc6 9. Bc4 Bd7 10. h4 h5 11. O-O-O Rc8 12. Bb3 Ne5 13. Bg5 Qa5 14. Kb1 Rfe8 15. Bh6 Rxc3 16. Bxg7 Kxg7 17. Qxc3 Qxc3 18. bxc3 Rc8 19. c4 Nxc4 20. Bxc4 Rxc4 21. Rd3 Ne8 22. Rhd1 Nc7 23. Nb3 Ne6 24. e5 Nf4 25. R3d2 Bf5 26. exd6 exd6 27. g3 Ne6 28. Kb2 b6 29. c3 Nc5 30. Nxc5 dxc5 31. Rd8 Be6 32. Ra8 Ra4 33. a3 b5 34. Rdd8 b4 35. cxb4 cxb4 36. axb4 Rxb4+ 37. Kc2 Rb3 38. Rd3 Rb7 39. Kd2 Bf5 40. Ra3 Rb2+ 41. Ke3 Rg2 42. Kf4 Rc2 43. R8xa7 Be6 44. Re3 Kf6 45. Ra6 Rc5 46. Rea3 Rc4+ 47. Ke3 Rb4 48. R6a4 Rb6 49. Kf4 Rb5 50. Re3 Rf5+ 51. Ke4 Bd5+ 52. Kd4 Bxf3 53. Ra6+ Kg7 54. Re5 Rf6 55. Rxf6 Kxf6 56. Ra5 Bg4 57. Ke3 Bf5 58. Kf4 Be6 59. Ra6 Ke7 60. Ke5 Kd7 61. Kf6 Bc4 62. Ra7+ Kd6 63. Rxf7 Bxf7 64. Kxf7 Ke5 65. Kxg6 1-0


[Site "https://www.chess.com"]

[Event "Titled Tuesday Blitz January 17 Early 2023"]
[White "parintele_chess"]
[Black "Sonnenschein, Philipp"]
[BlackFideId "16250877"]
[WhiteElo "2259"]
[BlackElo "2224"]
[Result "1-0"]
[Round "07"]
[TimeControl "180+2"]
[Date "2023.01.17"]
[WhiteClock "0:00:09"]
[BlackClock "0:00:09"]

1. d4 Nf6 2. Bf4 d5 3. Nf3 c5 4. e3 Nc6 5. Nbd2 cxd4 6. exd4 Bf5 7. c3 e6 8. Bb5 Bd6 9. Bxd6 Qxd6 10. Ne5 O-O 11. Bxc6 bxc6 12. O-O Nd7 13. Nxd7 Qxd7 14. Nb3 f6 15. Nc5 Qe7 16. Qf3 Bg6 17. Rfe1 e5 18. Qg3 Rfe8 19. b4 a5 20. h3 Ra7 21. a3 axb4 22. axb4 Rxa1 23. Rxa1 exd4 24. cxd4 Qe2 25. Qc7 Bf7 26. Ra7 Rf8 27. Nd7 Qe7 28. Nxf8 Qxf8 29. Qxc6 h5 30. Ra8 1-0


[Site "https://www.chess.com"]

[Event "Titled Tuesday Blitz January 17 Early 2023"]
[White "Zherebtsova, Alexandra"]
[Black "Jenkins, Drake"]
[WhiteFideId "24129518"]
[BlackFideId "2022397"]
[WhiteElo "2155"]
[BlackElo "2130"]
[Result "1-0"]
[Round "07"]
[TimeControl "180+2"]
[Date "2023.01.17"]
[WhiteClock "0:00:16"]
[BlackClock "0:00:01"]

1. d4 Nf6 2. Nf3 c5 3. d5 b5 4. Bg5 d6 5. Bxf6 exf6 6. e4 a6 7. a4 b4 8. Bd3 f5 9. exf5 Qf6 10. Nbd2 Bxf5 11. Bxf5 Qxf5 12. Qe2+ Be7 13. Nc4 Kd8 14. O-O Re8 15. Rfe1 Qxd5 16. Nb6 Qc6 17. Nxa8 Qxa8 18. Rad1 Qc6 19. Ne5 Qxa4 20. Nxf7+ Kc7 21. Nxd6 Bxd6 22. Qxe8 Qxe8 23. Rxe8 Nc6 24. Rg8 Be5 25. b3 Nd4 26. Rd2 h6 27. Kf1 Bf6 28. Rxd4 Bxd4 29. Ke2 Kb6 30. f4 Kb5 31. Rb8+ Kc6 32. Kd3 a5 33. g4 Bg1 34. h3 Bh2 35. Rf8 Kb5 36. Rb8+ Kc6 37. Ra8 Bxf4 38. Rxa5 Be5 39. Ra7 Bf6 40. Ke4 Bd4 41. Kf5 Kb6 42. Rd7 Kc6 43. Rf7 Kb5 44. h4 c4 45. bxc4+ Kxc4 46. Rc7+ 1-0


[Site "https://www.chess.com"]

[Event "Titled Tuesday Blitz January 17 Early 2023"]
[White "Smietanska, Wiktoria"]
[Black "Devaev, Alexander"]
[WhiteFideId "21869359"]
[BlackFideId "4169395"]
[WhiteElo "1936"]
[BlackElo "2325"]
[Result "0-1"]
[Round "07"]
[TimeControl "180+2"]
[Date "2023.01.17"]
[WhiteClock "0:00:01"]
[BlackClock "0:01:22"]

1. c4 c5 2. Nf3 Nf6 3. Nc3 Nc6 4. g3 e6 5. d4 Be7 6. Bg2 cxd4 7. Nxd4 Ne5 8. b3 d6 9. Bb2 O-O 10. O-O a6 11. f4 Ng6 12. e4 Qc7 13. Qe2 Re8 14. Rad1 Bf8 15. f5 Ne5 16. fxe6 fxe6 17. Nf3 Nfd7 18. Kh1 Ng6 19. Nd4 Nde5 20. Rf2 Bd7 21. Rdf1 Be7 22. Bh3 Bg5 23. Nf3 Nxf3 24. Rxf3 Ne5 25. R3f2 Bc6 26. Qh5 Be3 27. Re2 Bh6 28. Ref2 b5 29. cxb5 axb5 30. Ne2 Bxe4+ 31. Kg1 Be3 32. Bxe5 dxe5 33. Qg4 Bf5 34. Qf3 Bxf2+ 35. Qxf2 Bxh3 0-1


[Site "https://www.chess.com"]

[Event "Titled Tuesday Blitz January 17 Early 2023"]
[White "Tarasova, Viktoriya"]
[Black "Nikulina, Alena"]
[WhiteFideId "4175840"]
[BlackFideId "4172051"]
[WhiteElo "2226"]
[BlackElo "1857"]
[Result "1/2-1/2"]
[Round "07"]
[TimeControl "180+2"]
[Date "2023.01.17"]
[WhiteClock "0:00:06"]
[BlackClock "0:00:04"]

1. d4 e6 2. c4 d5 3. Nc3 Nf6 4. cxd5 exd5 5. Bg5 c6 6. Qc2 Be7 7. e3 O-O 8. Bd3 Nbd7 9. Nge2 Re8 10. O-O h6 11. Bh4 Ne4 12. Bxe7 Qxe7 13. Bxe4 dxe4 14. Ng3 Nf6 15. Rae1 Bg4 16. f3 exf3 17. gxf3 Bh3 18. Rf2 Rad8 19. Rfe2 c5 20. dxc5 Qxc5 21. Nce4 Nxe4 22. Nxe4 Qh5 23. Rf2 Re6 24. Kh1 Rde8 25. Rg1 Bf5 26. Qc3 Rg6 27. Ng3 Qg5 28. e4 Bh3 29. f4 Qg4 30. Qd2 Rxe4 31. f5 Rg5 32. f6 Rd4 33. Qe3 Rd1 34. Re1 Rxe1+ 35. Qxe1 Qd4 36. fxg7 Qd5+ 37. Kg1 Qxa2 38. Rf3 Qxb2 39. Qe8+ Kh7 40. g8=Q+ Rxg8 41. Rxf7+ Rg7 42. Qe4+ Kh8 43. Rf8+ Rg8 44. Rxg8+ Kxg8 45. Qe8+ Kg7 46. Nh5+ Kh7 47. Qf7+ Kh8 48. Qf8+ Kh7 49. Qf7+ Kh8 50. Qf8+ Kh7 51. Qf7+ 1/2-1/2


[Site "https://www.chess.com"]

[Event "Titled Tuesday Blitz January 17 Early 2023"]
[White "Dinu, Dumitru-Daniel"]
[Black "Kuchava, Ana"]
[WhiteFideId "1208403"]
[BlackFideId "13605348"]
[WhiteElo "2203"]
[BlackElo "2101"]
[Result "1-0"]
[Round "07"]
[TimeControl "180+2"]
[Date "2023.01.17"]
[WhiteClock "0:00:32"]
[BlackClock "0:00:43"]

1. e4 c5 2. Be2 Nc6 3. f4 e6 4. Nf3 d5 5. d3 Nf6 6. e5 Nd7 7. O-O Be7 8. c3 Qc7 9. Na3 a6 10. Nc2 b5 11. d4 Bb7 12. Be3 O-O 13. a4 b4 14. dxc5 Nxc5 15. Nxb4 Nxb4 16. cxb4 Ne4 17. Rc1 Qd7 18. b5 Rfb8 19. Bd3 Qd8 20. Bxe4 dxe4 21. Nd4 Qa5 22. Nc6 Bxc6 23. bxc6 Rxb2 24. c7 Rc8 25. Qd7 1-0


[Site "https://www.chess.com"]

[Event "Titled Tuesday Blitz January 17 Early 2023"]
[White "Gressmann, Moritz"]
[Black "Cepo, Toni"]
[WhiteFideId "24695084"]
[BlackFideId "4675916"]
[WhiteElo "2129"]
[BlackElo "2145"]
[Result "1-0"]
[Round "07"]
[TimeControl "180+2"]
[Date "2023.01.17"]
[WhiteClock "0:00:17"]
[BlackClock "0:00:23"]

1. e4 e5 2. Nf3 Nf6 3. Bc4 Nxe4 4. Nc3 Nxc3 5. dxc3 f6 6. Nh4 g6 7. f4 Qe7 8. f5 Qg7 9. O-O Nc6 10. Qg4 Bc5+ 11. Kh1 d6 12. b4 Bb6 13. a4 a5 14. Bb5 O-O 15. Qc4+ Kh8 16. fxg6 hxg6 17. Bxc6 bxc6 18. Qxc6 Be6 19. Nf3 Qd7 20. Qe4 Kg7 21. b5 f5 22. Qe1 f4 23. Ng5 Bc4 24. Rf3 Rf5 25. Ne4 d5 26. Nd2 Raf8 27. Nxc4 dxc4 28. Ba3 Qd8 29. Bxf8+ Qxf8 30. Qe4 Rh5 31. Re1 Qh8 32. h3 Bc5 33. Qd5 Bd6 34. Qe6 Qf8 35. Qd7+ Qf7 36. Qxf7+ Kxf7 37. g3 Rxh3+ 38. Kg2 Rxg3+ 39. Rxg3 fxg3 40. Kxg3 Kf6 41. Kg4 g5 42. Rf1+ Kg6 43. Rf5 e4 44. Rxg5+ Kf6 45. Rd5 e3 46. Kf3 Ke6 47. Rd4 Be5 48. Kxe3 Bxd4+ 49. Kxd4 Kd6 50. Kxc4 c5 51. bxc6 Kxc6 52. Kd4 Kd6 53. c4 Kc6 54. c5 Kc7 55. Kc4 Kc6 56. c3 Kc7 57. Kb5 Kb7 58. Kxa5 Kc6 59. Kb4 Kc7 60. Kb5 Kb7 61. c6+ Kc7 62. Kc5 Kc8 63. Kb6 Kb8 64. c7+ Kc8 65. a5 Kd7 66. Kb7 1-0


[Site "https://www.chess.com"]

[Event "Titled Tuesday Blitz January 17 Early 2023"]
[White "Lacasa Diaz, Jose Antonio"]
[Black "Ruge, Edison"]
[WhiteFideId "2203375"]
[BlackFideId "4401000"]
[WhiteElo "2359"]
[BlackElo "2201"]
[Result "1-0"]
[Round "07"]
[TimeControl "180+2"]
[Date "2023.01.17"]
[WhiteClock "0:00:18"]
[BlackClock "0:00:03"]

1. e4 e5 2. Nf3 Nc6 3. Bb5 f5 4. d4 fxe4 5. Nxe5 Nxe5 6. dxe5 c6 7. Nc3 cxb5 8. Nxe4 d5 9. exd6 Nf6 10. Qd4 Nxe4 11. Qxe4+ Kf7 12. Bf4 Qe8 13. Qxe8+ Kxe8 14. O-O-O Kd7 15. Rhe1 b6 16. Re5 Bb7 17. f3 a6 18. Rf5 Kc6 19. Rf7 Rc8 20. d7 Rd8 21. Bg5 Bd6 22. Bxd8 Rxd8 23. Rxg7 Rxd7 24. Rxd7 Kxd7 25. Rd4 Ke6 26. Rh4 Bd5 27. Kb1 a5 28. Rxh7 a4 29. a3 Be5 30. Rh6+ Bf6 31. c3 Kf7 32. Rh7+ Bg7 33. Rh5 Ke6 34. Kc2 Bc4 35. g4 Be2 36. Rf5 Bc4 37. h4 Be5 38. h5 Bg7 39. Rg5 Kf7 40. f4 Bf6 41. Rf5 Be6 42. Rxb5 Bxg4 43. h6 Bf5+ 44. Kd2 Kg6 45. Rxb6 1-0


[Site "https://www.chess.com"]

[Event "Titled Tuesday Blitz January 17 Early 2023"]
[White "Dwilewicz, Katarzyna"]
[Black "MunichMouse"]
[WhiteFideId "1148486"]
[WhiteElo "2115"]
[BlackElo "2211"]
[Result "0-1"]
[Round "07"]
[TimeControl "180+2"]
[Date "2023.01.17"]
[WhiteClock "0:00:03"]
[BlackClock "0:00:19"]

1. e4 c5 2. Nf3 d6 3. d4 cxd4 4. Nxd4 Nf6 5. Nc3 a6 6. Bg5 e6 7. Qd2 Nc6 8. O-O-O h6 9. Bh4 Nxd4 10. Qxd4 Be7 11. f3 Qc7 12. Qc4 Qxc4 13. Bxc4 b5 14. Bb3 b4 15. Na4 Nd7 16. Bxe7 Kxe7 17. Rd2 Nc5 18. Rhd1 Nxa4 19. Bxa4 Rd8 20. e5 d5 21. f4 Bd7 22. Bxd7 Rxd7 23. g4 Rc7 24. Rd3 Rc4 25. Rd4 Rac8 26. R1d2 a5 27. b3 Rxd4 28. Rxd4 Rc3 29. Rd3 Rxd3 30. cxd3 g5 31. f5 f6 32. d4 fxe5 33. dxe5 exf5 34. gxf5 h5 35. Kd2 g4 36. Ke3 h4 37. Kf4 g3 38. hxg3 h3 39. Kf3 d4 40. g4 d3 41. g5 Kf7 42. g6+ Kg7 43. e6 Kf6 44. g7 Kxg7 45. Kg4 Kf6 46. Kxh3 d2 0-1


[Site "https://www.chess.com"]

[Event "Titled Tuesday Blitz January 17 Early 2023"]
[White "Andreev, Konstantin"]
[Black "Rose, Felix"]
[WhiteFideId "24239305"]
[BlackFideId "5105722"]
[WhiteElo "2195"]
[BlackElo "2091"]
[Result "0-1"]
[Round "07"]
[TimeControl "180+2"]
[Date "2023.01.17"]
[WhiteClock "0:02:49"]
[BlackClock "0:00:43"]

1. e4 e5 2. Nf3 Nc6 3. Bc4 Nf6 4. d4 exd4 5. e5 d5 6. Bb5 Ne4 7. Nxd4 Bc5 8. O-O O-O 9. Bxc6 bxc6 10. f3 Ng5 11. f4 Ne6 12. Be3 f5 13. Nc3 Bxd4 14. Bxd4 c5 15. Bf2 d4 16. Ne2 Rb8 17. b3 Bb7 18. Qd2 Qd5 0-1


[Site "https://www.chess.com"]

[Event "Titled Tuesday Blitz January 17 Early 2023"]
[White "Aung Thant Zin"]
[Black "Perez Rodriguez, Jennifer"]
[WhiteFideId "13000063"]
[BlackFideId "3507831"]
[WhiteElo "2268"]
[BlackElo "2242"]
[Result "0-1"]
[Round "07"]
[TimeControl "180+2"]
[Date "2023.01.17"]
[WhiteClock "0:00:07"]
[BlackClock "0:00:34"]

1. e4 e5 2. Nf3 Nc6 3. d4 exd4 4. Nxd4 Bb4+ 5. c3 Bc5 6. Be3 Bb6 7. Be2 Nf6 8. Nd2 O-O 9. O-O Re8 10. Bf3 d5 11. exd5 Nxd5 12. Nxc6 bxc6 13. Bxb6 axb6 14. Nb3 Ba6 15. Re1 Rxe1+ 16. Qxe1 Qf6 17. Nd4 Rd8 18. Rd1 h6 19. h3 c5 20. Nc2 Nf4 21. Rxd8+ Qxd8 22. Qe5 Nd3 23. Qg3 Nxb2 24. Ne3 Nd3 25. Nf5 Qf6 26. Be4 Ne5 27. Nxh6+ Kf8 28. Nf5 Bc8 29. Ne3 Be6 30. f4 Nd7 31. f5 Bxa2 32. Qxc7 Qe5 0-1


[Site "https://www.chess.com"]

[Event "Titled Tuesday Blitz January 17 Early 2023"]
[White "Wilson, Elvin"]
[Black "Tarnowska, Aleksandra"]
[WhiteFideId "2014874"]
[BlackFideId "1180967"]
[WhiteElo "2183"]
[BlackElo "1835"]
[Result "0-1"]
[Round "07"]
[TimeControl "180+2"]
[Date "2023.01.17"]
[WhiteClock "0:00:01"]
[BlackClock "0:00:04"]

1. c4 e5 2. Nc3 Nf6 3. g3 Bb4 4. e4 O-O 5. Bg2 c6 6. Nge2 d6 7. O-O Re8 8. d3 Nbd7 9. h3 Nf8 10. Kh2 Ng6 11. Be3 Ba5 12. f4 exf4 13. Nxf4 Bc7 14. Nxg6 hxg6 15. Bg5 Be6 16. Qf3 Bb6 17. Ne2 d5 18. Nf4 dxe4 19. dxe4 Bxc4 20. Rfe1 Qd4 21. b3 Qf2 22. bxc4 Qxf3 23. Bxf3 Nd7 24. Nd3 f6 25. Be3 Ba5 26. Reb1 b6 27. e5 Bc3 28. Bxc6 Bxa1 29. Rxa1 Rad8 30. exf6 Rxe3 31. Nf4 Nxf6 32. Rf1 Rd2+ 33. Kh1 Rxg3 34. Bg2 Nh5 35. Nxh5 gxh5 36. Bd5+ Kh7 37. Bg2 Rgxg2 38. Rf7 Rh2+ 39. Kg1 Rdg2+ 40. Kf1 Rxa2 41. Rd7 Rh1# 0-1


[Site "https://www.chess.com"]

[Event "Titled Tuesday Blitz January 17 Early 2023"]
[White "Mohammadian, Mohammad"]
[Black "Granados Diaz, Maria Esther"]
[WhiteFideId "12566055"]
[BlackFideId "6101488"]
[WhiteElo "1398"]
[BlackElo "1868"]
[Result "0-1"]
[Round "07"]
[TimeControl "180+2"]
[Date "2023.01.17"]
[WhiteClock "0:00:08"]
[BlackClock "0:00:20"]

1. e4 c5 2. Nf3 Nc6 3. d4 cxd4 4. Nxd4 e5 5. Nb5 a6 6. Nd6+ Bxd6 7. Qxd6 Qf6 8. Qxf6 Nxf6 9. Nc3 d5 10. exd5 Nb4 11. Bd3 Nxd3+ 12. cxd3 O-O 13. O-O h6 14. Re1 Re8 15. f4 exf4 16. Bxf4 Bf5 17. Rxe8+ Rxe8 18. Rd1 Rd8 19. d6 b5 20. a3 Nh5 21. Ne2 g5 22. Be5 f6 23. Bc3 Rxd6 24. Rd2 Kf7 25. Nd4 Bg6 26. g3 Rd5 27. Kf2 f5 28. h3 f4 29. g4 Nf6 30. Kf3 Nd7 31. Nc6 Rxd3+ 32. Rxd3 Bxd3 33. Kg2 Be4+ 34. Kf2 Bxc6 35. b4 Nf6 36. Bd4 Ne4+ 37. Kg1 Kg6 38. Kh2 h5 39. gxh5+ Kxh5 40. Kg1 Kh4 41. Kh2 Nd2 42. Bb2 Nf3+ 43. Kg2 Nd2+ 44. Kf2 Kxh3 45. Ke2 Nc4 46. Bc1 f3+ 47. Kf2 g4 48. Kg1 g3 0-1


[Site "https://www.chess.com"]

[Event "Titled Tuesday Blitz January 17 Early 2023"]
[White "Yuan, Qingyu"]
[Black "Fathy, Elameir"]
[WhiteFideId "8609772"]
[BlackFideId "10600396"]
[WhiteElo "2373"]
[BlackElo "2300"]
[Result "1-0"]
[Round "07"]
[TimeControl "180+2"]
[Date "2023.01.17"]
[WhiteClock "0:02:09"]
[BlackClock "0:00:55"]

1. e4 c5 2. Nf3 d6 3. Bb5+ Nd7 4. c3 Nf6 5. Qe2 a6 6. Ba4 b5 7. Bc2 Bb7 8. d4 cxd4 9. cxd4 e5 10. O-O Be7 11. Re1 O-O 12. a3 Rc8 13. Nc3 Qb6 14. d5 Nc5 15. h3 b4 16. Na4 Nxa4 17. Bxa4 a5 18. Be3 Qa6 19. Bb5 Qa8 20. axb4 Nxe4 21. Rxa5 Qb8 22. Ba7 1-0


[Site "https://www.chess.com"]

[Event "Titled Tuesday Blitz January 17 Early 2023"]
[White "Ezat, Mohamed"]
[Black "Levitan, Caleb Levi"]
[WhiteFideId "10600906"]
[BlackFideId "14332620"]
[WhiteElo "2402"]
[BlackElo "2129"]
[Result "0-1"]
[Round "07"]
[TimeControl "180+2"]
[Date "2023.01.17"]
[WhiteClock "0:00:53"]
[BlackClock "0:00:07"]

1. e4 c5 2. d4 cxd4 3. c3 dxc3 4. Nxc3 Nc6 5. Nf3 e6 6. Bc4 Bb4 7. O-O Nge7 8. e5 Ng6 9. Qe2 O-O 10. Rd1 Bxc3 11. bxc3 Qa5 12. h4 Ngxe5 13. Nxe5 Qxe5 14. Qf3 d5 15. Bd3 h6 16. Bf4 Qf6 17. Qg3 e5 18. Be3 Bf5 19. Bb5 a6 20. Ba4 Rad8 21. Rd2 d4 22. cxd4 exd4 23. Bf4 d3 24. Bxc6 bxc6 25. Rc1 Rfe8 26. Kh2 Re2 27. Rc5 Rxd2 28. Bxd2 Qg6 29. Qc7 Rc8 30. Qb7 Qd6+ 31. g3 Qxc5 32. Qb2 Re8 33. Bc3 Re2 34. Qb8+ Kh7 35. Qf4 Qxf2+ 36. Qxf2 Rxf2+ 37. Kg1 Rc2 38. Be1 d2 39. Bxd2 Rxd2 40. g4 Rxa2 41. h5 Bxg4 0-1


[Site "https://www.chess.com"]

[Event "Titled Tuesday Blitz January 17 Early 2023"]
[White "Novikov, Evgenij"]
[Black "Degtiarev, Evgeny"]
[WhiteFideId "4125380"]
[BlackFideId "4149610"]
[WhiteElo "2276"]
[BlackElo "2385"]
[Result "1-0"]
[Round "07"]
[TimeControl "180+2"]
[Date "2023.01.17"]
[WhiteClock "0:00:05"]
[BlackClock "0:00:02"]

1. c4 e5 2. Nc3 Nc6 3. g3 Nf6 4. Bg2 Bc5 5. d3 h6 6. Nf3 O-O 7. O-O Re8 8. Ne1 a5 9. Nc2 d6 10. Rb1 Be6 11. a3 d5 12. b4 axb4 13. axb4 Bf8 14. c5 Nb8 15. e4 c6 16. h3 Nbd7 17. f4 exf4 18. gxf4 dxe4 19. dxe4 Bc4 20. Re1 b6 21. Ne3 Ba6 22. e5 Nd5 23. Ncxd5 cxd5 24. b5 d4 25. bxa6 dxe3 26. Bxa8 Qxa8 27. Qxd7 Qf3 28. Rxe3 Bxc5 29. Qxe8+ Kh7 30. Rb3 Qd1+ 31. Kg2 Qc2+ 32. Kf3 Qd1+ 33. Ke4 Qh1+ 34. Kd3 Qd1+ 35. Kc3 Qxc1+ 36. Kd3 Qd1+ 37. Ke4 Qh1+ 38. Kf5 Qd5 39. Qc8 1-0


[Site "https://www.chess.com"]

[Event "Titled Tuesday Blitz January 17 Early 2023"]
[White "Legenia, Artem"]
[Black "Garrido, Denis"]
[WhiteFideId "14136945"]
[BlackFideId "601217"]
[WhiteElo "2092"]
[BlackElo "2205"]
[Result "1-0"]
[Round "07"]
[TimeControl "180+2"]
[Date "2023.01.17"]
[WhiteClock "0:01:41"]
[BlackClock "0:00:36"]

1. f4 d5 2. Nf3 g6 3. e3 Bg7 4. d4 Nh6 5. Bd3 Bf5 6. O-O O-O 7. c3 c5 8. Bxf5 Nxf5 9. Ne5 Nd7 10. Qe2 Qc7 11. Nd2 b6 12. Kh1 f6 13. Nxd7 Qxd7 14. dxc5 bxc5 15. e4 dxe4 16. Nxe4 Rac8 17. Be3 Qd5 18. Bg1 Nd6 19. Nxd6 Qxd6 20. Rad1 Qc7 21. Qe6+ Kh8 22. Rd7 Qa5 23. Qxe7 Rg8 24. Rxa7 Qb5 25. Rd1 Qxb2 26. Rdd7 Rce8 27. Qxf6 Re1 28. Rxg7 Rxg1+ 29. Kxg1 Qc1+ 30. Kf2 Qd2+ 31. Kf3 Qd3+ 32. Kg4 h5+ 33. Kg5 Qd5+ 34. Kh6 1-0


[Site "https://www.chess.com"]

[Event "Titled Tuesday Blitz January 17 Early 2023"]
[White "Liimatainen, Jero"]
[Black "Qashashvili, Alexandre"]
[WhiteFideId "509531"]
[BlackFideId "13600842"]
[WhiteElo "1948"]
[BlackElo "2505"]
[Result "0-1"]
[Round "07"]
[TimeControl "180+2"]
[Date "2023.01.17"]
[WhiteClock "0:00:07"]
[BlackClock "0:00:06"]

1. e4 c6 2. d4 d5 3. exd5 cxd5 4. Nf3 Nc6 5. Ne5 Nf6 6. Bb5 Bd7 7. Nxd7 Qxd7 8. c3 a6 9. Bd3 Qg4 10. Qxg4 Nxg4 11. f3 Nf6 12. O-O e6 13. Re1 Bd6 14. g3 h5 15. Kg2 O-O-O 16. b4 g6 17. a4 Rhe8 18. b5 axb5 19. axb5 Ne7 20. c4 dxc4 21. Bxc4 Ned5 22. Ra8+ Kd7 23. Rxd8+ Rxd8 24. Bg5 Ra8 25. Bxf6 Nxf6 26. Nc3 Ra3 27. Rc1 Bb4 28. Ne4 Nxe4 29. fxe4 Re3 30. e5 Bc3 31. Rd1 Bb4 32. Kf2 Rc3 33. Be2 Kc7 34. d5 Bc5+ 35. Kg2 exd5 36. Rxd5 Kb6 37. e6 fxe6 38. Rg5 Re3 39. Kf1 h4 40. gxh4 Rh3 41. Rxg6 Rxh2 42. Rxe6+ Ka5 43. h5 Rf2+ 44. Ke1 Rh2 45. Kd1 Kb4 46. Bd3 Kc3 47. Bg6 b6 48. Ke1 Kc4 49. Be8 Kd3 50. Bg6+ Kd4 51. Kf1 Kd5 52. Rf6 Ke5 53. Rc6 Kf4 54. Ke1 Bb4+ 55. Kd1 Ke3 56. Re6+ Kd4 57. Kc1 Kc3 58. Rc6+ Bc5 59. Kd1 Kc4 60. Be8 Kxb5 61. Rg6+ Kc4 62. h6 b5 63. Rg4+ Bd4 64. Bxb5+ Kc3 65. h7 Rxh7 66. Rg3+ Kb4 67. Bd3 Rh2 68. Be4 Kc5 69. Bf5 Be5 70. Rh3 Rf2 71. Bg4 Kd4 72. Ke1 Ra2 73. Kf1 Bf4 74. Be6 Rb2 75. Rb3 Rc2 76. Bg8 Ke5 77. Bh7 Ra2 78. Bg8 Rh2 79. Bf7 Kf5 80. Bc4 Kg4 81. Be6+ Kh4 82. Ke1 Bg3+ 83. Kd1 Bf4 84. Rb4 Kg3 85. Rb3+ Kh4 86. Rb4 Kg5 87. Rb5+ Kg6 88. Bc4 Kf6 89. Bb3 Ke7 90. Bc4 Kd6 91. Ke1 Kc6 92. Rf5 Bd6 93. Bb5+ Kb6 94. Bd3 Bc5 95. Kd1 Bd4 96. Be2 Be3 97. Bf1 Bc5 98. Be2 Rf2 99. Kd2 Rxf5 100. Kd3 Rd5+ 101. Ke4 Rd8 0-1


[Site "https://www.chess.com"]

[Event "Titled Tuesday Blitz January 17 Early 2023"]
[White "ritanovikova"]
[Black "Seletsky, Grigory"]
[BlackFideId "14112191"]
[WhiteElo "2137"]
[BlackElo "2259"]
[Result "0-1"]
[Round "07"]
[TimeControl "180+2"]
[Date "2023.01.17"]
[WhiteClock "0:00:03"]
[BlackClock "0:01:09"]

1. d4 c5 2. c3 Qc7 3. g3 g6 4. Bf4 d6 5. Bg2 Bg7 6. Nf3 Nf6 7. O-O O-O 8. Re1 Nbd7 9. e4 e5 10. dxe5 dxe5 11. Bg5 h6 12. Bd2 b6 13. Qc1 Kh7 14. h3 Bb7 15. Nh2 c4 16. Ng4 Nxg4 17. hxg4 Nc5 18. Qc2 b5 19. Be3 Nd3 20. Rd1 Rfd8 21. a4 a6 22. Na3 Qd7 23. axb5 axb5 24. Bf3 Bc6 25. b3 Qe6 26. bxc4 bxc4 27. Kg2 Ba4 28. Qe2 Bxd1 29. Qxd1 Nf4+ 30. gxf4 Rxd1 31. Bxd1 exf4 32. Bxf4 Bxc3 33. Ra2 Bb4 34. Bf3 Rxa3 35. Rc2 c3 36. Rc1 g5 37. Be3 Ra2 38. Rh1 Kg8 39. e5 Qxe5 40. Rxh6 Bc5 41. Bc1 Rxf2+ 0-1


[Site "https://www.chess.com"]

[Event "Titled Tuesday Blitz January 17 Early 2023"]
[White "Torres Dominguez, David"]
[Black "Rian, Kapriaga"]
[WhiteFideId "2220857"]
[BlackFideId "7103263"]
[WhiteElo "1994"]
[BlackElo "2089"]
[Result "1-0"]
[Round "07"]
[TimeControl "180+2"]
[Date "2023.01.17"]
[WhiteClock "0:00:05"]
[BlackClock "0:00:01"]

1. e4 c6 2. Nf3 d5 3. d3 dxe4 4. dxe4 Qxd1+ 5. Kxd1 f6 6. Be3 e5 7. Nfd2 Be6 8. Bc4 Kf7 9. f3 Nd7 10. Bxe6+ Kxe6 11. Nb3 Rd8 12. N1d2 a6 13. a4 Ne7 14. Ke2 Ng6 15. Nc4 Be7 16. Rhd1 h5 17. Nca5 Rb8 18. Ba7 Ra8 19. Be3 Rab8 20. g3 h4 21. f4 Ngf8 22. f5+ Kf7 23. g4 h3 24. Kf3 Bb4 25. Nc4 g6 26. Rd3 gxf5 27. gxf5 Rg8 28. Rad1 Ke8 29. c3 Be7 30. a5 Rg2 31. R3d2 Rg8 32. Nd6+ Bxd6 33. Rxd6 Rg7 34. Nc5 Nxc5 35. Bxc5 Kf7 36. Rg1 Rxg1 37. Bxg1 Ke7 38. Bc5 Kf7 39. Kg4 Nh7 40. Rd7+ Kg8 41. Bd6 Re8 42. Rxb7 Ng5 43. Rb8 Rxb8 44. Bxb8 Nxe4 45. Kxh3 Kf7 46. Kg4 Nd2 47. h4 Nc4 48. b4 Ne3+ 49. Kf3 Nxf5 50. h5 Ne7 51. Bd6 Nd5 52. c4 Nf4 53. Bc5 Nxh5 54. b5 cxb5 55. cxb5 1-0


[Site "https://www.chess.com"]

[Event "Titled Tuesday Blitz January 17 Early 2023"]
[White "Jiganchine, Roman"]
[Black "Better_Chess_Faster"]
[WhiteFideId "2603667"]
[WhiteElo "2205"]
[BlackElo "2030"]
[Result "1-0"]
[Round "07"]
[TimeControl "180+2"]
[Date "2023.01.17"]
[WhiteClock "0:00:13"]
[BlackClock "0:00:32"]

1. e4 e5 2. Nf3 Nc6 3. Nc3 Nf6 4. Bb5 Nd4 5. O-O c6 6. Bc4 d6 7. h3 Be7 8. d3 O-O 9. Nxd4 exd4 10. Ne2 b5 11. Bb3 c5 12. a4 b4 13. Ng3 d5 14. exd5 Nxd5 15. Qf3 Bb7 16. Nf5 Bf6 17. Re1 Qd7 18. Qg4 Kh8 19. Bd2 Rae8 20. a5 a6 21. Rxe8 Rxe8 22. Ba4 Bc6 23. Bxc6 Qxc6 24. Qf3 Qd7 25. Ng3 Kg8 26. Ne4 Be5 27. Nxc5 Qc6 28. Nb3 Bc7 29. Rc1 Qd7 30. Nxd4 Bxa5 31. Nf5 Bc7 32. Qg4 g6 33. Nh6+ Kg7 34. Qxd7 Re7 35. Qxd5 1-0


[Site "https://www.chess.com"]

[Event "Titled Tuesday Blitz January 17 Early 2023"]
[White "Kiseleva, Arina"]
[Black "Khamdamova, Afruza"]
[WhiteFideId "4164989"]
[BlackFideId "14210444"]
[WhiteElo "1962"]
[BlackElo "2162"]
[Result "0-1"]
[Round "07"]
[TimeControl "180+2"]
[Date "2023.01.17"]
[WhiteClock "0:00:06"]
[BlackClock "0:00:17"]

1. d4 Nf6 2. Nf3 d5 3. e3 c5 4. Bd3 Nc6 5. O-O e6 6. b3 Be7 7. Bb2 O-O 8. Nbd2 b6 9. Ne5 Bb7 10. f4 Rc8 11. Rf3 Ne4 12. Rh3 Nxe5 13. dxe5 f6 14. Qh5 h6 15. exf6 Bxf6 16. Bxf6 Qxf6 17. Nxe4 Qxa1+ 18. Bf1 dxe4 19. Rg3 Qf6 20. Rg6 Qf7 21. Qxh6 Qd7 22. Rg3 Rf5 23. Qh4 Rcf8 24. Rh3 Kf7 25. g4 Rf6 26. Qh5+ Ke7 27. g5 R6f7 28. Qg6 e5 0-1


[Site "https://www.chess.com"]

[Event "Titled Tuesday Blitz January 17 Early 2023"]
[White "Ciuffoletti, Paolo"]
[Black "Mortazavi, Ali"]
[WhiteFideId "807630"]
[BlackFideId "401323"]
[WhiteElo "2106"]
[BlackElo "2333"]
[Result "0-1"]
[Round "07"]
[TimeControl "180+2"]
[Date "2023.01.17"]
[WhiteClock "0:00:21"]
[BlackClock "0:02:01"]

1. e4 c6 2. d4 d5 3. exd5 cxd5 4. c4 Nf6 5. Nc3 g6 6. Qb3 Bg7 7. cxd5 O-O 8. Be2 Nbd7 9. Bf3 Nb6 10. Nge2 a5 11. a4 Qd6 12. O-O Qb4 13. Qa2 Bf5 14. Bf4 Bd3 15. Rfd1 Bc4 16. Qb1 Nbxd5 17. Be5 e6 18. Nxd5 Bxd5 19. Bxd5 Nxd5 20. Bxg7 Kxg7 21. Ra3 Rac8 22. Rc1 Qd2 23. Re1 Rc2 24. Rb3 Rfc8 25. h3 b6 26. Qd1 Qxd1 0-1


[Site "https://www.chess.com"]